 Dungeon Crawl Stone Soup version 0.24.1-8-ga250c9d538 (webtiles) character file.

Game seed: 1107857742585195294, levelgen mode: deterministic

55021 nightchill the Cruncher (level 15, -10/124 HPs)
             Began as a Formicid Fighter on May 5, 2020.
             Was a Priest of Uskayaw.
             Mangled by an orc knight
             ... wielding a +0 halberd
              (21 damage)
             ... on level 2 of the Orcish Mines on May 6, 2020.
             The game lasted 01:42:16 (27524 turns).

nightchill the Cruncher (Formicid Fighter)         Turns: 27524, Time: 01:42:17

Health: -10/124    AC: 15    Str: 26    XL:     15   Next: 16%
Magic:  24/24      EV:  8    Int: 11    God:    Uskayaw [***...]
Gold:   1488       SH: 14    Dex: 10    Spells: 14/14 levels left

rFire    . . .     SeeInvis +   a - +0 quarterstaff
rCold    + . .     Gourm    .   X - +2 shield
rNeg     + + .     Faith    .   y - +2 chain mail "Meydoa Kama" {rC+ rN+ MR+ Int+2}
rPois    .         Spirit   .   (helmet unavailable)
rElec    .         Reflect  .   z - +0 cloak
rCorr    .         Harm     .   A - +0 pair of gloves
MR       ++...                  p - +0 pair of boots
Stlth    +.........             t - amulet of regeneration
HPRegen  0.70/turn              M - ring of positive energy
MPRegen  0.19/turn              Q - +1 ring of protection

@: no status effects
A: permanent stasis, dig shafts and tunnels, four strong arms, antennae 3
a: Dig, Shaft Self, Stomp, Line Pass, Renounce Religion


You were on level 2 of the Orcish Mines.
You worshipped Uskayaw.
Uskayaw was pleased with you.
You were hungry.

You visited 3 branches of the dungeon, and saw 19 of its levels.

You collected 1488 gold pieces.

Inventory:

Hand Weapons
 a - a +0 quarterstaff (weapon)
 b - the +8 short sword "Loggich" {protect, *Slow +Inv MR+++ MP+9}
   (You found it on level 1 of the Lair of Beasts)

   It grants its wielder temporary protection when it strikes (+7 to AC).
   It affects your resistance to hostile enchantments.
   It affects your magic capacity (+9).
   It lets you turn invisible.
   It may slow you when you take damage.
 g - a +0 arbalest
Missiles
 i - 90 poisoned darts (quivered)
 m - 8 silver javelins
 x - 4 javelins
 B - 9 silver boomerangs
 S - 5 throwing nets
Armour
 p - a +0 pair of boots (worn)
 y - the +2 chain mail "Meydoa Kama" (worn) {rC+ rN+ MR+ Int+2}
   (You found it on level 4 of the Lair of Beasts)

   It affects your intelligence (+2).
   It protects you from cold.
   It protects you from negative energy.
   It affects your resistance to hostile enchantments.
 z - a +0 cloak (worn)
 A - a +0 pair of gloves (worn)
 L - a +1 ring mail of fire resistance
 X - a +2 shield (worn)
Jewellery
 t - an amulet of regeneration (around neck)
 M - a ring of positive energy (left hand)
 Q - a +1 ring of protection (right hand)
Wands
 d - a wand of flame (17)
 o - a wand of iceblast (31)
 G - a wand of scattershot (22)
 J - a wand of polymorph (25)
 K - a wand of acid (7)
 U - a wand of digging (4)
Scrolls
 e - 3 scrolls of fear
 n - 2 scrolls of magic mapping
 q - 2 scrolls of enchant armour {unknown}
 s - 6 scrolls of amnesia
 u - 5 scrolls of remove curse
 v - 2 scrolls of brand weapon {unknown}
 w - a scroll of summoning {unknown}
 F - 2 scrolls of fog {unknown}
 H - a scroll of vulnerability {unknown}
 I - 5 scrolls of immolation
 N - 2 scrolls of enchant weapon {unknown}
 P - a scroll of silence {unknown}
Potions
 j - a potion of might
 k - 3 potions of lignification
 l - 2 potions of resistance
 E - 2 potions of brilliance
 O - a potion of flight
 V - a potion of magic
 W - 5 potions of curing
Miscellaneous
 r - a fan of gales
Comestibles
 c - 2 chunks of flesh
 f - 31 rations


   Skills:
 + Level 13.4 Fighting
 * Level 8.5 Short Blades
 - Level 14.0 Staves
 - Level 3.2 Armour
 + Level 9.1 Stealth
 - Level 9.0 Shields
 - Level 12.1 Invocations
 + Level 6.4 Evocations


You had 14 spell levels left.
You didn't know any spells.
Your spell library contained the following spells:

 Spells                   Type           Power        Failure   Level  Hunger
 Animate Skeleton         Necr           N/A          92%         1    ##.....
 Apportation              Tloc           #.....       92%         1    ##.....
 Confusing Touch          Hex            #.....       92%         1    ##.....
 Corona                   Hex            #......      92%         1    ##.....
 Flame Tongue             Conj/Fire      #....        92%         1    ##.....
 Sandblast                Erth           #.....       92%         1    ##.....
 Summon Small Mammal      Summ           #...         92%         1    ##.....
 Ensorcelled Hibernation  Hex/Ice        #.....       98%         2    ###....
 Passwall                 Tmut/Erth      #.......     98%         2    ###....
 Shroud of Golubria       Chrm/Tloc      #.....       98%         2    ###....
 Throw Flame              Conj/Fire      #.....       98%         2    ###....
 Confuse                  Hex            #.......     100%        3    ####...
 Conjure Flame            Conj/Fire      #.......     100%        3    ####...
 Dazzling Spray           Conj/Hex       #.....       100%        3    ####...
 Gell's Gravitas          Tloc           #.........   100%        3    ####...
 Inner Flame              Hex/Fire       #.......     100%        3    ####...
 Portal Projectile        Hex/Tloc       #.....       100%        3    ####...
 Stone Arrow              Conj/Erth      #.....       100%        3    ####...
 Tukima's Dance           Hex            #.......     100%        3    ####...
 Petrify                  Tmut/Erth      #.......     100%        4    #####..
 Sticky Flame             Conj/Fire      #.......     100%        4    #####..
 Fireball                 Conj/Fire      #.........   100%        5    ######.
 Lee's Rapid Deconstruct  Erth           #.........   100%        5    ######.
 Summon Forest            Summ/Tloc      #.........   100%        5    ######.
 Malign Gateway           Summ/Tloc      #.........   100%        7    #######


Dungeon Overview and Level Annotations

Branches:
Dungeon (11/15)            Temple (0/1) D:5            Lair (6/6) D:10
 Shoals (0/4) Lair:3        Snake (0/4) Lair:2        Slime (0/5) Lair:6
    Orc (2/2) D:11
    Elf: Orc:2

Altars:
Cheibriados
Dithmenos
Fedhas
Kikubaaqudgha
Makhleb
Nemelex Xobeh
Uskayaw
Vehumet
Wu Jian
Zin
Jiyva

Shops:
D:7 [

Annotations:
D:8 2 transporters, Bodigarde's ghost, novice OpVM
Lair:2 exclusion: 4 doors
Lair:3 exclusions: door and downstairs
Lair:5 exclusion: 2 downstairs
Lair:6 exclusion: oklob plant


Innate Abilities, Weirdness & Mutations

You cannot be hasted, slowed, berserked, paralysed or teleported.
You can dig through walls and to a lower floor.
Your four strong arms can wield two-handed weapons with a shield.
You have a pair of large antennae on your head. (SInv)


Message History

You are feeling hungry.
You hit the orc warrior but do no damage.
The orc warrior is lightly wounded.
The orc warlord roars a battlecry!
The orcs go into a battle-frenzy!
You hear a shout! x2
You closely miss the orc warrior.
The orc warrior is lightly wounded.
The orc knight hits you from afar with a +0 halberd!!
* * * LOW HITPOINT WARNING * * *
You block the orc warrior's attack.
You hit the orc warrior.
The orc warrior is moderately wounded.
An orc comes into view. It is wielding a +0 whip of venom.
You hit the orc warrior.
The orc warrior is moderately wounded.
The orc warrior closely misses you.
The orc warlord roars a battlecry!
The orc knight hits you from afar with a +0 halberd!!
You die...

#.#...##.####..(##...#
#.#^...#...#..(.#....# #
#.#........(....#.######.
###.........†#......8....
##.......))...#........
##.........##.##))o.....
#.....(.(...###oo)..o...
#.....((.....#ooo#.8..4.
#.......(.....@#{#######.
#..............####
##...##....)....#
.......#####....# ......#
#......#..# .......
#.....###.#
......##..........#
#......#...........
#.................


You could see an orc warlord, an orc knight, an orc warrior, 2 orc wizards and 2
orcs.

Vanquished Creatures
  Gastronok (Lair:3)
  Nessos (Lair:6)
  Harold (Orc:1)
  A hydra (Lair:4)
  A catoblepas (Lair:4)
  A centaur warrior (D:10)
  An orc high priest (Orc:2)
  3 death yaks
  An orc knight (Orc:2)
  3 orc sorcerers
  A manticore (D:8)
  14 elephants
  3 black mambas (Lair:6)
  23 spiny frogs
  A rime drake (Lair:4)
  8 komodo dragons
  3 trolls
  Grinder (D:5)
  4 tyrant leeches (Lair:6)
  Prince Ribbit (D:5)
  5 dream sheep (Lair:6)
  25 blink frogs
  8 hippogriffs
  Sigmund (D:5)
  7 wyverns
  36 yaks
  3 basilisks (D:10)
  A human (D:7)
  6 vampire mosquitoes
  4 hogs (D:7)
  A hungry ghost (D:7)
  Edmund (D:5)
  2 wargs
  2 nagas (Lair:2)
  10 water moccasins
  Duvessa (D:5)
  5 porcupines
  17 orc warriors
  A swamp drake (D:11)
  6 sky beasts
  2 ice beasts
  An eye of draining (D:10)
  2 phantoms
  A necrophage (D:7)
  4 black bears
  14 ogres
  6 wolves (Lair:3)
  8 crocodiles
  2 centaurs
  2 big kobolds (D:9)
  25 bullfrogs
  A wyvern skeleton (D:7)
  A scorpion (D:5)
  Dowan (D:5)
  2 water moccasin skeletons
  5 killer bees (D:7)
  12 wights
  An electric eel (Lair:6)
  3 howler monkeys
  5 crimson imps
  A bullfrog zombie (D:5)
  3 centaur zombies
  3 jellies
  Crazy Yiuf (D:3)
  5 hounds
  21 orc wizards
  10 orc priests
  4 centaur skeletons
  Ijyb (D:3)
  2 iguanas
  6 worker ants
  A hound zombie (D:5)
  3 hound skeletons
  2 worker ant zombies
  3 gnolls (D:3)
  7 adders
  4 shadow imps
  2 oozes (D:2)
  An adder zombie (D:6)
  3 adder skeletons
  2 worms (D:2)
  4 dart slugs
  5 leopard geckos
  83 orcs
  4 giant cockroaches
  4 goblins
  6 hobgoblins
  13 jackals
  2 quokkas
  3 ball pythons
  12 bats
  6 frilled lizards
  15 kobolds
  7 rats
562 creatures vanquished.

Vanquished Creatures (others)
  A sky beast (D:9)
  23 fungi
  48 plants
72 creatures vanquished.

Grand Total: 634 creatures vanquished

Notes
Turn   | Place    | Note
-------+----------+-------------------------------------------
     0 | D:1      | nightchill the Formicid Fighter began the quest for the
                  | Orb.
     0 | D:1      | Reached XP level 1. HP: 18/18 MP: 1/1
   170 | D:1      | Reached XP level 2. HP: 24/24 MP: 2/2
   639 | D:1      | Reached XP level 3. HP: 22/29 MP: 3/3
   642 | D:1      | Reached skill level 3 in Staves
  1469 | D:2      | You fall into a shaft and drop 2 floors!
  1524 | D:3      | Reached XP level 4. HP: 37/37 MP: 4/4
  1647 | D:3      | Reached skill level 4 in Staves
  1654 | D:3      | Reached XP level 5. HP: 19/42 MP: 5/5
  2234 | D:3      | Found a hide-covered altar of Uskayaw.
  2248 | D:3      | Became a worshipper of Uskayaw the Reveler
  2266 | D:3      | Found a snail-covered altar of Cheibriados.
  2266 | D:3      | Found a radiant altar of Vehumet.
  2267 | D:3      | Found an ornate altar of the Wu Jian Council.
  2470 | D:3      | Noticed Ijyb
  2485 | D:3      | Reached * piety under Uskayaw
  2505 | D:3      | Killed Ijyb
  2505 | D:3      | Reached XP level 6. HP: 42/49 MP: 6/6
  2746 | D:3      | Found a runed translucent door.
  2747 | D:3      | Noticed Crazy Yiuf
  2756 | D:3      | Reached ** piety under Uskayaw
  2758 | D:3      | Killed Crazy Yiuf
  2758 | D:3      | Reached skill level 5 in Staves
  2758 | D:3      | Reached skill level 1 in Invocations
  3951 | D:4      | Reached skill level 5 in Fighting
  4616 | D:5      | Entered Level 5 of the Dungeon
  4631 | D:5      | Reached XP level 7. HP: 56/56 MP: 8/8
  4638 | D:5      | Noticed Sigmund
  4668 | D:5      | Killed Sigmund
  4668 | D:5      | Reached skill level 6 in Staves
  4668 | D:5      | Reached *** piety under Uskayaw
  4728 | D:5      | Reached **** piety under Uskayaw
  4747 | D:5      | Reached ***** piety under Uskayaw
  4866 | D:5      | Reached XP level 8. HP: 59/64 MP: 10/10
  5036 | D:5      | Noticed Grinder
  5054 | D:5      | Killed Grinder
  5054 | D:5      | Reached skill level 7 in Staves
  5143 | D:5      | Found a staircase to the Ecumenical Temple.
  5160 | D:5      | Noticed Edmund
  5201 | D:5      | Killed Edmund
  5579 | D:5      | Reached skill level 5 in Invocations
  5619 | D:5      | Noticed Dowan
  5620 | D:5      | Noticed Duvessa
  5643 | D:5      | Killed Dowan
  5643 | D:5      | Reached skill level 8 in Staves
  5643 | D:5      | Reached XP level 9. HP: 68/71 MP: 12/12
  5653 | D:5      | Killed Duvessa
  5780 | D:5      | Identified Sif Muna's Volume of Translocation
  6005 | D:6      | Noticed Prince Ribbit
  6211 | D:5      | Killed Prince Ribbit
  6318 | D:6      | Reached skill level 9 in Staves
  7436 | D:7      | Reached XP level 10. HP: 80/80 MP: 15/15
  7510 | D:7      | Found Wops's Armour Shoppe.
  7808 | D:7      | Found a shadowy altar of Dithmenos.
  7906 | D:7      | Reached skill level 10 in Staves
  8761 | D:7      | Found a burning altar of Makhleb.
  8857 | D:8      | Found a glowing silver altar of Zin.
  8858 | D:8      | Noticed an angel
  9190 | D:8      | Reached skill level 11 in Staves
  9444 | D:8      | Found a sparkling altar of Nemelex Xobeh.
  9523 | D:8      | Got a smoking golden ring
  9529 | D:8      | Identified the cursed ring of the Moon {*Corrode +Blink
                  | rPois rC++ Int-3} (You found it on level 8 of the Dungeon)
  9568 | D:8      | Noticed a manticore
  9596 | D:8      | Killed a manticore
  9851 | D:8      | Noticed Bodigarde's ghost (novice OpVM)
  9853 | D:8      | Noticed a moth of wrath
  9880 | D:8      | Reached XP level 11. HP: 86/89 MP: 17/17
  9894 | D:8      | Found a transporter.
 10181 | D:8      | Found a transporter.
 11384 | D:9      | Found a blossoming altar of Fedhas.
 11857 | D:10     | Entered Level 10 of the Dungeon
 11994 | D:9      | Reached skill level 12 in Staves
 12180 | D:10     | Reached skill level 10 in Fighting
 12998 | D:10     | Noticed an elephant
 13045 | D:9      | Killed an elephant
 13364 | D:10     | Reached skill level 10 in Invocations
 13592 | D:10     | Noticed a centaur warrior
 13608 | D:10     | Killed a centaur warrior
 13735 | D:10     | Found a staircase to the Lair.
 14254 | D:10     | Reached XP level 12. HP: 57/99 MP: 19/19
 14482 | Lair:1   | Entered Level 1 of the Lair of Beasts
 14573 | D:10     | Reached skill level 13 in Staves
 15180 | Lair:1   | You fall into a shaft and drop 1 floor!
 15431 | Lair:1   | Got a dazzling short sword
 16240 | Lair:2   | Found a staircase to the Snake Pit.
 16751 | Lair:3   | Found an ancient bone altar of Kikubaaqudgha.
 16965 | Lair:3   | Found a staircase to the Shoals.
 17260 | Lair:3   | Reached skill level 14 in Staves
 17414 | Lair:3   | Reached skill level 1 in Stealth
 17545 | Lair:3   | Noticed Gastronok
 17594 | Lair:3   | Killed Gastronok
 17594 | Lair:3   | Reached XP level 13. HP: 27/107 MP: 21/21
 18068 | Lair:4   | Reached skill level 5 in Shields
 18133 | Lair:4   | Noticed a four-headed hydra
 18154 | Lair:4   | Killed a four-headed hydra
 18652 | Lair:4   | Identified the +8 short sword "Loggich" {protect, *Slow
                  | +Inv MR+++ MP+9} (You found it on level 1 of the Lair of
                  | Beasts)
 18771 | Lair:4   | Got a heavily runed chain mail
 18772 | Lair:4   | Identified the +2 chain mail "Meydoa Kama" {rC+ rN+ MR+
                  | Int+2} (You found it on level 4 of the Lair of Beasts)
 18796 | Lair:4   | Noticed a catoblepas
 18826 | Lair:4   | Killed a catoblepas
 18826 | Lair:4   | Reached skill level 1 in Short Blades
 18826 | Lair:4   | Reached skill level 1 in Evocations
 19153 | Lair:3   | Reached skill level 5 in Stealth
 21021 | Lair:6   | Entered Level 6 of the Lair of Beasts
 21490 | Lair:6   | Noticed Nessos
 21768 | Lair:6   | Reached XP level 14. HP: 111/116 MP: 19/23
 21892 | Lair:5   | Reached skill level 5 in Short Blades
 22701 | Lair:6   | Killed Nessos
 22948 | Lair:6   | Reached skill level 5 in Evocations
 24913 | Lair:6   | Found a viscous altar of Jiyva.
 24914 | Lair:6   | Found a staircase to the Slime Pits.
 25932 | D:11     | Found a staircase to the Orcish Mines.
 25977 | Orc:1    | Entered Level 1 of the Orcish Mines
 26098 | Orc:1    | Noticed Harold
 26127 | Orc:1    | Killed Harold
 26349 | Orc:1    | Reached XP level 15. HP: 124/124 MP: 24/24
 26891 | Orc:2    | Entered Level 2 of the Orcish Mines
 27512 | Orc:2    | Noticed an orc warlord
 27524 | Orc:2    | Mangled by an orc knight

Levels and vault maps discovered:
D:1:      dpeg_arrival_three_smaller_balls, layout_basic
D:2:      layout_basic
D:3:      layout_basic, gammafunk_temple_overflow_forgotten,
          eat_drink_and_be_merry_uskayaw, uniq_ijyb, uniq_crazy_yiuf_cottage
D:4:      layout_rooms, serial_bayou_crossing
D:5:      layout_cave_pods, minmay_temple_entry_waves, first_ration,
          eino_tiny_chamber, uniq_grinder, uniq_edmund, uniq_sigmund,
          uniq_duvessa
D:6:      layout_rooms, uniq_prince_ribbit1
D:7:      layout_loops_corners, lemuel_doored_altar,
          makhleb_blood_cavern_becter, serial_shops, shop, grunt_livestock,
          chequers_serial_rivers_small_b
D:8:      layout_loops_ring, nemelex_xobeh_ov_fountains_minmay, zin_angel,
          gammafunk_ghost_berserking_beasts
D:9:      layout_basic, fedhas_altar_3
D:10:     layout_irregular_city, david_lair_generic, dk_vineyard_1
D:11:     layout_roguey, erik_orc_1
Lair:1:   layout_big_grid, beast_lair_carwin_5, infiniplex_staircase_pool,
          serial_bayou_shore_b, grunt_megastairs_5
Lair:2:   layout_chaotic_city, guppyfry_snake_entry_garden, zaba_antful_of_joy
Lair:3:   layout_long_grid, minmay_shoals_entry_hut, basic_altar, uniq_gastronok
Lair:4:   layout_misc_corridors, lookout_lair_type, grunt_megastairs_1,
          serial_bayou_shore_a
Lair:5:   layout_loops_ring, beast_lair_carwin_1
Lair:6:   minmay_lair_end_frog_pond, layout_layer_cave,
          dpeg_slime_entry_enclosed_altar, minmay_lair_oklob_chamber,
          uniq_nessos
Orc:1:    layout_diamond_mine, serial_shops, nicolae_orc_pool_cavern,
          uniq_harold
Orc:2:    grunt_orc_cross, layout_diamond_mine, basic_altar,
          ebering_ghost_gozag, nicolae_orc_rockfall

Skill      XL: |  1  2  3  4  5  6  7  8  9 10 11 12 13 14 15 |
---------------+----------------------------------------------+-----
Staves         | 3 4 5 6 8 9 11 12 14 | 14.0
Fighting       | 4 5 6 8 9 10 11 12 13 | 13.4
Invocations    | 2 3 5 7 8 10 11 12 | 12.1
Stealth        | 3 6 8 9 |  9.1
Shields        | 4 7 8 9 |  9.0
Short Blades   | 4 8 |  8.5
Evocations     | 3 6 |  6.4
Armour         | |  3.2

Action                   |  1- 3 |  4- 6 |  7- 9 | 10-12 | 13-15 || total
-------------------------+-------+-------+-------+-------+-------++-------
Melee: Quarterstaff      |    93 |   242 |   286 |   964 |  1421 ||  3006
       Short sword       |       |       |       |       |    13 ||    13
Throw: Dart              |       |       |     9 |       |     3 ||    12
       Throwing net      |       |       |       |       |     1 ||     1
Invok: Stomp             |       |       |     6 |    16 |    19 ||    41
       Line Pass         |       |       |       |     1 |       ||     1
 Abil: Dig               |       |     3 |     6 |    10 |    11 ||    30
       Evoke Invisibilit |       |       |       |       |     1 ||     1
Evoke: Wand              |       |       |       |       |     1 ||     1
  Use: Potion            |       |       |     2 |     5 |     7 ||    14
       Scroll            |       |       |       |    12 |    11 ||    23
 Stab: Paralysed         |       |       |     8 |    32 |    81 ||   121
  Eat: Chunk             |     2 |    10 |    10 |    31 |    34 ||    87
       Ration            |       |       |       |     2 |     1 ||     3
Armor: Scale mail        |    37 |    39 |       |       |       ||    76
       Ring mail         |       |    42 |    68 |   273 |    35 ||   418
       Chain mail        |       |       |       |       |   335 ||   335
       Skin              |       |       |       |       |     3 ||     3
Dodge: Dodged            |    26 |    51 |    70 |   202 |   244 ||   593
Block: Shield            |    50 |   100 |   110 |   322 |   669 ||  1251
